 Dungeon Crawl Stone Soup version 0.28-a0-779-g3d1f99b579 (webtiles) character file.

Game seed: 4899669770957694356

47 kae the Ruffian (level 3, -15/29 HPs)
             Began as a Draconian Transmuter on Nov 2, 2021.
             Blown up by Ijyb (23 damage)
             ... with a mindburst bolt
             ... on level 3 of the Dungeon.
             The game lasted 00:01:05 (1823 turns).

kae the Ruffian (Draconian Transmuter)              Turns: 1823, Time: 00:01:06

Health: -15/29     AC:  5    Str: 12    XL:     3   Next: 48%
Magic:  6/6        EV: 12    Int: 14    God:
Gold:   47         SH:  0    Dex: 11    Spells: 5/6 levels left

rFire   + . .      SeeInvis .     - Unarmed
rCold   . . .      Faith    .   (no shield)
rNeg    . . .      Spirit   .   (armour unavailable)
rPois   .          Reflect  .   (helmet currently unavailable)
rElec   .          Harm     .   (no cloak)
rCorr   .          Rampage  .   (no gloves)
Will    .....                   (boots currently unavailable)
Stlth   +.........              (no amulet)
HPRegen 0.09/turn               b - ring of protection from fire
MPRegen 0.10/turn               e - ring of flight

@: lethally poisoned (-15 -> -26), appendages (expiring), flying
A: horns 2, talons 2, AC +5, unfitting armour, cold-blooded
a: End Transformation


You were on level 3 of the Dungeon.
You had temporarily grown beastly horns and talons.
You visited 1 branch of the dungeon, and saw 3 of its levels.

You collected 47 gold pieces.

Inventory:

Armour
 j - a +0 pair of boots (melded)
Jewellery
 b - a ring of protection from fire (left hand)
 e - a ring of flight (right hand)
Scrolls
 a - a scroll of amnesia
 g - a scroll of vulnerability {unknown}
 h - 2 scrolls of enchant weapon {unknown}
 i - a scroll of identify {unknown}
Potions
 c - a potion of attraction {unknown}
 d - 2 potions of flight {unknown}


   Skills:
 + Level 1.8 Fighting
 + Level 2.2 Dodging
 * Level 3.6 Unarmed Combat
 + Level 2.2 Spellcasting
 + Level 2.3 Transmutations


You had 5 spell levels left.
You knew the following spells:

 Your Spells              Type           Power      Damage    Failure   Level
a - Beastly Appendage     Tmut           16%        N/A       9%          1

Your spell library contained the following spells:

 Spells                   Type           Power      Damage    Failure   Level
 Wereblood                Tmut           8%         N/A       13%         2
 Corpse Rot               Necr/Air       2%         N/A       34%         2
 Poisonous Vapours        Pois/Air       2%         N/A       34%         2
 Spider Form              Tmut/Pois      4%         N/A       41%         3
 Ice Form                 Ice/Tmut       4%         N/A       82%         4


Dungeon Overview and Level Annotations

Branches:
Dungeon (3/15)

Altars:

Shops:
D:1 *

Annotations:
D:3 Ijyb


Innate Abilities, Weirdness & Mutations

You have temporarily grown beastly horns and talons.
Your plain brown scales are hard. (AC +5)
You cannot fit into any form of body armour.
You are cold-blooded and may be slowed by cold attacks.


Message History

The worm is lightly wounded.
You hit the worm.
The worm is moderately wounded.
The worm bites you but does no damage.
You hit the worm. You claw the worm. You headbutt the worm.
The worm is severely wounded.
You hit the worm but do no damage. You headbutt the worm.
You kill the worm!
An orc comes into view. It is wielding a +0 hand axe.
The orc shouts!
There is an open door here.
You closely miss Ijyb.
Ijyb zaps a wand.
You barely resist. You closely miss Ijyb.
Your transformation is almost over.
Ijyb hits you with a +1 dagger of venom.
You barely miss Ijyb. Your kick misses Ijyb. You headbutt Ijyb.
Ijyb is lightly wounded.
Ijyb hits you with a +1 dagger of venom.
You are poisoned.
You hit Ijyb. Your kick misses Ijyb.
Ijyb is moderately wounded.
You feel very sick. Ijyb hits you but does no damage.
You are lethally poisoned!
You barely miss Ijyb.
Your tail-slap misses Ijyb.
Ijyb is moderately wounded.
You feel very sick. Ijyb completely misses you.
You are too injured to fight recklessly!
You are too injured to fight recklessly!
You feel very sick.
Okay, then.
As you read the scroll labelled ANOPAT ZEQE, it crumbles to dust.
The creatures around you are filled with an inner flame!
It was a scroll of immolation.
* * * LOW HITPOINT WARNING * * *
You feel very sick.
Ijyb zaps a wand.
Your mind is blasted!
Ouch! That really hurt!
You die...

##+#####
#..†...#
#......#
#......# ####
#...<..# ...#
#....<.####...#
#........@g...#
#......####o..#
######## ...#
..... .......
....... .......
.......


You could see Ijyb (inner flame) and an orc.

Vanquished Creatures
  An adder (D:2)
  2 worms
  A dart slug (D:2)
  3 endoplasms
  4 giant cockroaches
  A hobgoblin (D:2)
  A ball python (D:2)
  5 bats
  2 frilled lizards
  4 goblins
  2 kobolds
  4 rats
30 creatures vanquished.

Notes
Turn   | Place    | Note
-------+----------+-------------------------------------------
     0 | D:1      | kae the Draconian Transmuter began the quest for the Orb.
     0 | D:1      | Reached XP level 1. HP: 16/16 MP: 3/3
   143 | D:1      | Found Lotuch's Assorted Antiques.
   291 | D:1      | Reached XP level 2. HP: 22/23 MP: 3/5
   640 | D:1      | Found a faded altar of an unknown god.
  1165 | D:2      | Reached XP level 3. HP: 21/29 MP: 6/6
  1809 | D:3      | Noticed Ijyb
  1823 | D:3      | Blown up by Ijyb

Illustrated notes

Levels and vault maps discovered:
D:1:      scummos_arrival_gate, layout_basic, shapermc_ecumenical_altar_ellora,
          serial_shops, shop
D:2:      layout_basic, serial_curves, eino_curves_01, eino_curves_04
D:3:      layout_basic, grunt_ministairs_8, minmay_misc_feat_more_columns,
          uniq_ijyb

Skill      XL: |  1  2 |
---------------+-------+-----
Dodging        | 2 |  2.2
Fighting       | |  1.8
Unarmed Combat | |  3.6
Spellcasting   | |  2.2
Transmutations | |  2.3

Action                   || total
-------------------------++-------
Melee: Unarmed           ||    96
       Kick              ||    15
       Tailslap          ||    13
       Headbutt          ||     8
 Cast: Beastly Appendage ||    24
  Use: Scroll            ||     2
 Stab: Sleeping          ||     1
Armor: Skin              ||    36
Dodge: Dodged            ||    66

Table legend: (Time is in decaauts)
 A = Elapsed time spent in this place.
 B = Non-inter-level travel time spent in this place.
 C = Inter-level travel time spent in this place.
 D = Time resting spent in this place.
 E = Time spent auto-exploring this place.
 F = Levels seen in this place.
 G = Mean time per level.
                   A        B        C        D        E       F      G
               +--------+--------+--------+--------+--------+-----+--------+
         Total |   1815 |   1785 |     30 |      0 |   1530 |   3 |  605.0 |
       Dungeon |   1815 |   1785 |     30 |      0 |   1530 |   3 |  605.0 |
               +--------+--------+--------+--------+--------+-----+--------+

Top non-repeatable levels by time:
     D:1: 892 daAuts
     D:2: 888 daAuts
     D:3: 34 daAuts
